 Dungeon Crawl Stone Soup version 0.30.0-15-g856e2d3f33 (webtiles) character file.

Game seed: 13678174595749767355

50796 Iich the Executioner (level 14, -8/140 HPs)
             Began as a Hill Orc Fighter on May 18, 2023.
             Was an Initiate of Gozag.
             Mangled by a 17-headed hydra (12 damage)
             ... on level 5 of the Lair of Beasts.
             The game lasted 00:35:55 (18421 turns).

Iich the Executioner (Hill Orc Fighter)            Turns: 18421, Time: 00:35:56

Health: -8/140     AC: 23    Str: 29    XL:     14   Next: 56%
Magic:  23/23      EV: 17    Int:  8    God:    Gozag
Gold:   1304       SH:  5    Dex: 14    Spells: 13/13 levels left

rFire   . . .        L - +4 war axe
rCold   + . .        c - +0 buckler
rNeg    . . .        M - +2 chain mail {rC+}
rPois   +            U - +0 helmet
rElec   .            S - +5 cloak of the Onion {rCorr MP+9}
rCorr   +            T - +0 pair of gloves {Str+3}
SInv    .            E - +2 pair of boots
Will    +....        (no amulet) Stlth
                     b - +5 ring of evasion
HPRegen 0.43/turn    H - +6 ring of strength
MPRegen 0.18/turn

%: no passive effects
@: about to teleport, on berserk cooldown, slowed, very slow
A: poison resistance, shaggy fur 1, wild magic 1, sturdy frame 1
a: Renounce Religion, Potion Petition, Call Merchant, Bribe Branch


You were on level 5 of the Lair of Beasts.
You worshipped Gozag.
Gozag was most pleased with you.
You visited 3 branches of the dungeon, and saw 16 of its levels.
You also visited: Bailey.

You collected 4733 gold pieces.
You spent 889 gold pieces at shops.
You paid 2540 gold pieces to Gozag.

Inventory:

Hand Weapons
 L - a +4 war axe (weapon)
Missiles
 a - 2 throwing nets
Armour
 c - a +0 buckler (worn)
 v - a +0 plate armour
 E - a +2 pair of boots (worn)
 M - a +2 chain mail of cold resistance (worn)
 S - the +5 cloak of the Onion (worn) {rCorr MP+9}
   (You acquired it on level 1 of the Lair of Beasts)

   MP:        It affects your magic capacity (+9).
   rCorr:     It protects you from acid and corrosion.
 T - a +0 pair of gloves of strength (worn)
 U - a +0 helmet (worn)
Jewellery
 b - a +5 ring of evasion (left hand)
 C - the ring "Nuciemoh" {Fly Will+}
   (You found it on level 6 of the Dungeon)

   [ring of flight]

   Fly:       It grants you flight.
   Will:      It increases your willpower.
 H - a +6 ring of strength (right hand)
 O - a +4 ring of protection
 X - a +5 ring of evasion
Wands
 o - a wand of paralysis (5)
 u - a wand of polymorph (2)
 G - a wand of flame (18) (quivered)
 I - a wand of iceblast (22)
 V - a wand of mindburst (7)
Scrolls
 f - 4 scrolls of magic mapping
 g - a scroll of fear
 i - 2 scrolls of identify
 j - a scroll of vulnerability
 m - 4 scrolls of fog
 p - a scroll of brand weapon
 r - a scroll of torment
 s - 3 scrolls of immolation
 t - 5 scrolls of teleportation
 x - 4 scrolls of poison
 y - a scroll of noise
 B - 3 scrolls of blinking
 F - 2 scrolls of amnesia
 N - a scroll of butterflies
 Q - 2 scrolls of enchant weapon
Potions
 d - 6 potions of might
 e - 3 potions of brilliance
 h - a potion of haste
 k - a potion of invisibility
 l - 2 potions of heal wounds
 n - a potion of resistance
 q - 2 potions of curing
 w - 4 potions of mutation
 z - 4 potions of flight
 A - a potion of cancellation
 D - a potion of attraction
 K - a potion of degeneration
 P - a potion of ambrosia
Miscellaneous
 J - a piece from Xom's chessboard (13/15)
 R - a condenser vane
 W - a lightning rod (3/4)


   Skills:
 + Level 17.4 Fighting
 - Level 23.6 Axes
 - Level 3.2 Armour
 * Level 6.4 Dodging
 - Level 3.2 Shields


You had 13 spell levels left.
You didn't know any spells.
Your spell library contained the following spells:

 Spells                   Type           Power      Damage    Failure   Level
 Beastly Appendage        Tmut           0%         N/A       88%         1
 Poisonous Vapours        Pois/Air       0%         N/A       95%         2
 Wereblood                Tmut           0%         N/A       95%         2
 Ignite Poison            Fire/Tmut/Pois 0%         N/A       99%         3
 Mephitic Cloud           Conj/Pois/Air  0%         N/A       99%         3
 Spider Form              Tmut/Pois      0%         N/A       99%         3
 Cause Fear               Hex            0%         N/A       100%        4
 Sticky Flame             Conj/Fire      0%         2d3       100%        4
 Freezing Cloud           Conj/Ice/Air   0%         6-21      100%        5
 Summon Forest            Summ/Tloc      0%         N/A       100%        5
 Summon Mana Viper        Hex/Summ       0%         N/A       100%        5
 Summon Cactus Giant      Summ           0%         N/A       100%        6
 Dragon Form              Tmut           0%         N/A       100%        7
 Ignition                 Fire           0%         3d3       100%        8
 Dragon's Call            Summ           0%         N/A       100%        9


Dungeon Overview and Level Annotations

Branches:
Dungeon (10/15)            Temple (1/1) D:6            Lair (5/5) D:9
  Swamp (0/4) Lair:3       Spider (0/4) Lair:3        Slime (0/5) Lair:4
    Orc (0/2) D:9          Bailey (visited)

Altars:
Ashenzari
Cheibriados
Dithmenos
Elyvilon
Fedhas
Gozag
Hepliaklqana
Kikubaaqudgha
Makhleb
Nemelex Xobeh
Okawaru
Qazlal
Ru
Sif Muna
Trog
Uskayaw
Vehumet
Wu Jian
Xom
Yredelemnul
Zin
The Shining One
Jiyva

Shops:
D:8 :   Lair:1 *

Annotations:
D:5 3 runed translucent doors, Pooter's ghost, novice MiBe
Lair:1 1 runed translucent door, Hubris850's ghost, journeyman OgBe


Innate Abilities, Weirdness & Mutations

Your system is resistant to poisons. (rPois)
You are covered in fur. (AC +1)
Your spells are a little harder to cast, but a little more powerful.
Your movements are slightly less encumbered by armour. (ER -2)


Message History

The 17-headed hydra closely misses you. The 17-headed hydra misses you. x2
You take 11 damage, and have 41/210 hp.
You feel a strong urge to attack something.
You feel your anger nearly subside.
You are no longer berserk.
You are exhausted.
You feel yourself slow down.
You now have 28/140 hp.
As you read the scroll of teleportation, it crumbles to dust.
You feel strangely unstable.
The 17-headed hydra attacks as you move away!
The 17-headed hydra misses you. The 17-headed hydra bites you.
* * * LOW HITPOINT WARNING * * *
You block the 17-headed hydra's attack. x2; The 17-headed hydra misses you.
The 17-headed hydra closely misses you.
The 17-headed hydra completely misses you.
The 17-headed hydra bites you but does no damage.
The 17-headed hydra completely misses you.
The 17-headed hydra closely misses you. The 17-headed hydra bites you.
* * * LOW HITPOINT WARNING * * *
The 17-headed hydra bites you!
* * * LOW HITPOINT WARNING * * *
The 17-headed hydra bites you.
* * * LOW HITPOINT WARNING * * *
The 17-headed hydra barely misses you. You block the 17-headed hydra's attack.
The 17-headed hydra bites you but does no damage.
The 17-headed hydra closely misses you.
The 17-headed hydra bites you but does no damage. x3
The 17-headed hydra bites you.
* * * LOW HITPOINT WARNING * * *
The 17-headed hydra bites you but does no damage. x4
The 17-headed hydra completely misses you.
The 17-headed hydra closely misses you. The 17-headed hydra bites you.
* * * LOW HITPOINT WARNING * * *
The 17-headed hydra bites you but does no damage.
The 17-headed hydra barely misses you.
The 17-headed hydra bites you but does no damage. x2
The 17-headed hydra bites you!
You die...
Your body crumbles into a pile of gold.

...P##$.....##
...P..#......#
............##
...........###
............P#
.............#
...........P##
##.......D..###
#.....P.@..PP#
#....###.....P##
##.P.. ##......#
###..##.......##
#.#.........#.#
#............##
............#
##..........#
#.<........#


You could see a 17-headed hydra.

Vanquished Creatures
  2 dire elephants (Lair:2)
  5 hydras
  9 death yaks
  A catoblepas (Lair:3)
  3 boulder beetles
  A two-headed ogre (D:8)
  2 skysharks
  An orc knight (Bailey)
  A deep elf pyromancer (Bailey)
  Joseph (D:8)
  11 elephants
  3 black mambas
  A torpor snail (Lair:1)
  9 cane toads
  A kobold demonologist (D:9)
  A rime drake (Lair:2)
  11 komodo dragons
  3 trolls
  A hornet (D:9)
  3 polar bears
  8 blink frogs
  A dream sheep (Lair:2)
  2 wyverns
  75 yaks
  7 basilisks
  2 steam dragons
  4 acid dragons
  Duvessa (D:6)
  23 water moccasins
  4 black bears
  A swamp drake (Lair:3)
  11 orc warriors
  2 ice beasts (D:7)
  4 centaurs
  2 ogres (D:7)
  20 wolves
  A phantom (D:5)
  13 bullfrogs
  2 kobold brigands (D:9)
  A gnoll sergeant (D:7)
  4 scorpions
  7 wights
  Dowan (D:6)
  A ballistomycete (Lair:4)
  7 killer bees
  2 howler monkeys
  2 electric eels
  A jelly (D:7)
  3 hounds
  4 orc priests
  Crazy Yiuf (D:4)
  A gnoll bouda (D:5)
  A sleepcap (D:8)
  Terence (D:2)
  5 hell rats (Lair:4)
  4 iguanas
  10 orc wizards
  9 gnolls
  8 adders
  A shadow imp (D:6)
  3 white imps
  4 dart slugs
  36 orcs
  4 bats
  8 endoplasms
  4 giant cockroaches
  12 goblins
  6 hobgoblins
  A quokka (D:4)
  5 ball pythons
  2 frilled lizards
  10 kobolds
  5 rats
  4 ballistomycete spores (Lair:4)
431 creatures vanquished.

Vanquished Creatures (others)
  A bullfrog (Lair:4)
  An orc wizard (D:6)
  5 ballistomycete spores (Lair:4)
7 creatures vanquished.

Grand Total: 438 creatures vanquished

Notes
Turn   | Place    | Note
-------+----------+-------------------------------------------
     0 | D:1      | Iich the Hill Orc Fighter began the quest for the Orb.
     0 | D:1      | Reached XP level 1. HP: 19/19 MP: 1/1
   145 | D:1      | Reached skill level 3 in Axes
   174 | D:1      | Reached XP level 2. HP: 27/27 MP: 2/2
   335 | D:1      | Reached skill level 4 in Axes
   517 | D:1      | Reached XP level 3. HP: 32/33 MP: 3/3
   914 | D:2      | Noticed Terence
   922 | D:2      | Killed Terence
   923 | D:2      | Reached XP level 4. HP: 31/41 MP: 4/4
  1061 | D:2      | Reached skill level 5 in Axes
  1616 | D:3      | Reached XP level 5. HP: 46/47 MP: 5/5
  1957 | D:4      | Reached skill level 5 in Fighting
  1957 | D:4      | Reached skill level 6 in Axes
  2170 | D:4      | Reached skill level 7 in Axes
  2170 | D:4      | Reached XP level 6. HP: 46/56 MP: 6/6
  2338 | D:4      | Found a runed translucent door.
  2339 | D:4      | Noticed Crazy Yiuf
  2448 | D:4      | Killed Crazy Yiuf
  2542 | D:5      | Entered Level 5 of the Dungeon
  2627 | D:5      | Reached skill level 8 in Axes
  2627 | D:5      | Reached XP level 7. HP: 60/63 MP: 7/7
  2744 | D:5      | Found a runed translucent gate.
  2890 | D:5      | Reached skill level 9 in Axes
  2965 | D:5      | Found a runed translucent gate.
  2966 | D:5      | Found a runed translucent gate.
  2969 | D:5      | Noticed Pooter's ghost (novice MiBe)
  3035 | D:5      | Reached XP level 8. HP: 73/73 MP: 8/8
  3370 | D:6      | Noticed Duvessa
  3371 | D:6      | Noticed Dowan
  3416 | D:6      | Found a staircase to the Ecumenical Temple.
  3424 | Temple   | Entered the Ecumenical Temple
  4029 | Temple   | Became a worshipper of Gozag Ym Sagoz the Greedy
  4060 | D:6      | Reached skill level 10 in Axes
  4336 | D:6      | Noticed a yak
  4336 | D:6      | Noticed a yak
  4336 | D:6      | Noticed a yak
  4336 | D:6      | Noticed a yak
  4336 | D:6      | Noticed a yak
  4342 | D:6      | Noticed a yak
  4349 | D:6      | Killed a yak
  4358 | D:6      | Killed a yak
  4359 | D:6      | Reached skill level 11 in Axes
  4796 | Temple   | Killed a yak
  4828 | Temple   | Killed a yak
  4829 | Temple   | Reached skill level 12 in Axes
  4833 | Temple   | Killed a yak
  4834 | Temple   | Reached XP level 9. HP: 74/82 MP: 9/9
  5117 | D:6      | Killed Duvessa
  5117 | D:6      | Killed Dowan
  5288 | D:6      | Identified the ring "Nuciemoh" {Fly Will+}
  5333 | D:6      | Found an ornate altar of the Wu Jian Council.
  5333 | D:6      | Found a sacrificial altar of Ru.
  5334 | D:6      | Found a shadowy altar of Dithmenos.
  5581 | D:6      | Found a blossoming altar of Fedhas.
  5581 | D:6      | Found a faded altar of an unknown god.
  5588 | D:6      | Reached skill level 13 in Axes
  5592 | D:6      | Found a glowing silver altar of Zin.
  5594 | D:6      | Found a sparkling altar of Nemelex Xobeh.
  5596 | D:6      | Found a faded altar of an unknown god.
  6352 | D:7      | Reached skill level 14 in Axes
  6360 | D:7      | Reached skill level 10 in Fighting
  6569 | D:7      | Gained mutation: Your system is resistant to poisons.
                  | (rPois) [potion of mutation]
  6569 | D:7      | Gained mutation: Your spells are a little harder to cast,
                  | but a little more powerful. [potion of mutation]
  6569 | D:7      | Gained mutation: You are covered in fur. (AC +1) [potion of
                  | mutation]
  6569 | D:7      | Gained mutation: Your movements are slightly less
                  | encumbered by armour. (ER -2) [potion of mutation]
  6583 | D:7      | Found a broken altar of Ashenzari.
  6594 | D:7      | Reached XP level 10. HP: 81/93 MP: 10/10
  6856 | D:7      | Reached skill level 15 in Axes
  7371 | D:8      | Found Cyit's Book Boutique.
  7436 | D:8      | Found a bloodstained altar of Trog.
  7499 | D:8      | Found a flagged portal.
  7499 | D:8      | Noticed Joseph
  7518 | D:8      | Killed Joseph
  7544 | Bailey   | Entered a bailey
  7694 | Bailey   | Found a large runed translucent door.
  7694 | Bailey   | Found a large runed translucent door.
  7695 | Bailey   | Noticed a deep elf pyromancer
  7695 | Bailey   | Noticed an orc knight
  7708 | Bailey   | Killed an orc knight
  7709 | Bailey   | Reached skill level 16 in Axes
  7980 | Bailey   | Killed a deep elf pyromancer
  8140 | D:8      | Noticed a two-headed ogre
  8148 | D:8      | Killed a two-headed ogre
  8149 | D:8      | Reached skill level 17 in Axes
  8155 | D:8      | Reached XP level 11. HP: 89/104 MP: 11/11
  8774 | D:9      | Found a staircase to the Orcish Mines.
  8938 | D:9      | HP: 5/105 [basilisk (12)]
  8943 | D:9      | Found a staircase to the Lair.
  9275 | D:9      | Reached skill level 18 in Axes
  9291 | D:9      | Found a hide-covered altar of Uskayaw.
  9740 | D:10     | Entered Level 10 of the Dungeon
 10326 | D:10     | Reached skill level 19 in Axes
 10935 | Lair:1   | Entered Level 1 of the Lair of Beasts
 10942 | Lair:1   | Reached XP level 12. HP: 88/115 MP: 12/12
 11103 | Lair:1   | Found a runed translucent door.
 11140 | Lair:1   | Reached skill level 20 in Axes
 11183 | Lair:1   | Noticed Hubris850's ghost (journeyman OgBe)
 11216 | Lair:1   | Noticed a boulder beetle
 11242 | Lair:1   | Killed a boulder beetle
 12003 | Lair:1   | Reached skill level 21 in Axes
 12094 | Lair:1   | Identified the +5 spear of Fofaqa {flame, rElec}
 12239 | Lair:1   | Bought a scroll of acquirement for 728 gold pieces
 12239 | Lair:1   | Bought a +0 pair of gloves of strength for 161 gold pieces
 12240 | Lair:1   | Acquired the +5 cloak of the Onion {rCorr MP+9}
 12315 | Lair:2   | Noticed a death yak
 12315 | Lair:2   | Noticed a death yak
 12315 | Lair:2   | Noticed a death yak
 12315 | Lair:2   | Noticed a death yak
 12315 | Lair:2   | Noticed a death yak
 12316 | Lair:2   | Noticed a death yak
 12381 | Lair:1   | Killed a death yak
 12397 | Lair:1   | Killed a death yak
 12405 | Lair:1   | Killed a death yak
 12405 | Lair:1   | Killed a death yak
 12688 | Lair:1   | Killed a death yak
 12689 | Lair:1   | Reached skill level 15 in Fighting
 12923 | Lair:1   | Killed a death yak
 12924 | Lair:1   | Reached XP level 13. HP: 74/126 MP: 13/13
 13087 | Lair:2   | Reached skill level 22 in Axes
 14044 | Lair:2   | Noticed a dire elephant
 14044 | Lair:2   | Noticed a dire elephant
 14066 | Lair:2   | Found a runed translucent door.
 14444 | Lair:2   | Killed a dire elephant
 14455 | Lair:2   | Killed a dire elephant
 14456 | Lair:2   | Reached skill level 23 in Axes
 14932 | Lair:2   | Identified the +1 scale mail of Amotuch {Int+3}
 15057 | Lair:3   | Found a staircase to the Swamp.
 15178 | Lair:3   | Found a hole to the Spider Nest.
 15719 | Lair:3   | Reached skill level 1 in Dodging
 16294 | Lair:4   | Reached XP level 14. HP: 136/138 MP: 14/14
 16522 | Lair:4   | Found a shimmering blue altar of Sif Muna.
 16907 | Lair:4   | Found a staircase to the Slime Pits.
 16907 | Lair:4   | Found a viscous altar of Jiyva.
 16941 | Lair:4   | Reached skill level 5 in Dodging
 17517 | Lair:5   | Entered Level 5 of the Lair of Beasts
 18421 | Lair:5   | HP: 7/140 [17-headed hydra (2)]
 18421 | Lair:5   | Mangled by a 17-headed hydra

Illustrated notes

Levels and vault maps discovered:
D:1:      psy_arrival_radial02, layout_basic, grunt_decor_cap
D:2:      layout_basic, uniq_terence
D:3:      layout_rooms, serial_curves, eino_curves_03, eino_curves_04,
          eino_curves_02, eino_curves_04, st_stairs_13
D:4:      layout_rooms, uniq_crazy_yiuf_cottage
D:5:      layout_loops_ring, gammafunk_ghost_necromancy
D:6:      layout_loops_cross, chequers_temple_overflow_minitemple,
          gammafunk_temple_overflow_claw, minmay_temple_entry_wispy,
          uniq_duvessa
D:7:      layout_basic, mainiacjoe_overflow_small_starburst, minmay_circle_x
D:8:      layout_rooms, trog_hazing_becter, serial_shops, shop, enter_bailey_3,
          uniq_joseph
D:9:      layout_rooms, mainiacjoe_overflow_paths, erik_lair_dragon,
          orc_0_dummy, serial_bayou_crossing
D:10:     layout_small_grid, amcnicky_mini_rare_corridor_liquid
Temple:   nicolae_temple_figure_eight
Lair:1:   layout_roguey, ebering_ghost_funeral_grove, st_stairs_13,
          minivault_26, amcnicky_mini_pool_medium
Lair:2:   gammafunk_lair_enchanted_lake, layout_gridlike
Lair:3:   nzn_winding_woodlands_small [nzn_winding_woodlands_5x15_cabin,
          nzn_winding_woodlands_center_diamonds,
          nzn_winding_woodlands_5x15_default], layout_hall_layers,
          minmay_swamp_entry_reptiles, spider_nest_entry_web_field
Lair:4:   layout_gridlike, slime_entry_1, basic_altar, nzn_sisyphean_effort
Lair:5:   cheibrodos_lair_end_hotspot, layout_cave_pods, st_stairs_13

Skill      XL: |  1  2  3  4  5  6  7  8  9 10 11 12 13 14 |
---------------+-------------------------------------------+-----
Axes           | 3 4 5 7 8 9 12 14 17 19 21 23 | 23.6
Fighting       | 4 5 6 7 8 10 11 13 15 16 17 | 17.4
Dodging        | 2 6 |  6.4
Armour         | |  3.2
Shields        | |  3.2

Action                     |  1- 3 |  4- 6 |  7- 9 | 10-12 | 13-15 || total
---------------------------+-------+-------+-------+-------+-------++-------
  Melee: War axe           |    77 |   139 |   281 |   515 |   498 ||  1510
         Unarmed           |       |       |     2 |       |       ||     2
 Invoke: Potion Petition   |       |       |       |     3 |     2 ||     5
         Call Merchant     |       |       |       |     1 |       ||     1
  Evoke: Wand              |       |       |     2 |     8 |    14 ||    24
         Condenser vane    |       |       |       |     1 |     1 ||     2
         Lightning rod     |       |       |       |       |     4 ||     4
         Piece from Xom's  |       |       |       |       |     3 ||     3
    Use: Scroll            |       |     9 |     6 |    11 |     6 ||    32
         Potion            |       |     3 |     3 |     5 |     2 ||    13
   Stab: Distracted        |       |       |       |     2 |     2 ||     4
         Held in net/web   |       |       |       |       |     3 ||     3
 Armour: Scale mail        |    38 |       |       |       |       ||    38
         Chain mail        |       |    75 |   133 |   225 |   372 ||   805
         Skin              |       |       |       |     5 |       ||     5
  Dodge: Dodged            |    33 |    98 |   187 |   310 |   430 ||  1058
  Block: Buckler           |    24 |    26 |    68 |   120 |   123 ||   361
